 Dungeon Crawl Stone Soup version 0.27.1-4-g1640c2035a (webtiles) character file.

Game seed: 16994938209201730480

219379 ders the Severer (level 18, -7/180 (195) HPs)
             Began as a Minotaur Berserker on Oct 30, 2021.
             Was an Elder of Trog.
             Killed by divine providence
             ... invoked by a smoke demon
              (13 damage)
             ... on level 4 of the Abyss on Nov 1, 2021.
             The game lasted 03:13:20 (58677 turns).

ders the Severer (Minotaur Berserker)              Turns: 58677, Time: 03:13:24

HP:   -7/180 (195)  AC: 32    Str: 26    XL:     18   Next: 1%
MP:   16/17         EV:  9    Int:  8    God:    Trog [****..]
Gold: 1332          SH:  0    Dex: 14    Spells: 17/17 levels left

rFire    + + .     SeeInvis .   o - +4 executioner's axe (freeze)
rCold    + . .     Faith    .   (shield currently unavailable)
rNeg     . . .     Spirit   .   y - +3 crystal plate armour
rPois    +         Reflect  .   (helmet restricted)
rElec    .         Harm     .   l - scarf {+Inv}
rCorr    .         Rampage  .   A - +1 pair of gloves {Stlth+}
Will     ++...                  J - +0 pair of boots {Stlth+}
Stlth    ..........             K - amulet of the acrobat
HPRegen  0.40/turn              g - ring "Aplogi" {rC+ Int+4}
MPRegen  0.15/turn              U - ring "Dole" {*Corrode rPois rF+ Will+}

@: unable to read, very slightly contaminated, glowing, drained, invisible (but
backlit and visible)
A: horns 2, retaliatory headbutt, hooves 1, fire resistance 1, robust 1,
inability to read while threatened
}: 2/15 runes: serpentine, barnacled
a: Renounce Religion, Evoke Invisibility, Berserk, Trog's Hand, Brothers in Arms


You were on level 4 of the Abyss.
You worshipped Trog.
Trog was greatly pleased with you.
You visited 6 branches of the dungeon, and saw 32 of its levels.
You visited the Abyss 2 times.

You collected 4330 gold pieces.
You spent 2998 gold pieces at shops.

Inventory:

Hand Weapons
 o - a +4 executioner's axe of freezing (weapon)
 u - a +3 broad axe of flaming
 z - a +1 demon whip of electrocution
 D - the +3 hand axe "Worm's Wrath" {drain, rElec rF+}
   (You found it on level 6 of the Dungeon)

   A truly terrible weapon, it drains the life of any living foe it strikes.
   rF:        It protects you from fire.
   rElec:     It insulates you from electricity.
 I - the +4 war axe of the Immovable Spines {vorpal, rElec Int+4}
   (You found it on level 7 of the Dungeon)

   It inflicts extra damage upon your enemies.
   Int:       It affects your intelligence (+4).
   rElec:     It insulates you from electricity.
 Y - the +1 broad axe of Accord {vorpal, rElec Will+}
   (You bought it in a shop on level 15 of the Dungeon)

   It inflicts extra damage upon your enemies.
   rElec:     It insulates you from electricity.
   Will:      It increases your willpower.
Missiles
 L - 5 throwing nets (quivered)
Armour
 l - a scarf of invisibility (worn)
 p - the +0 chain mail of the Chupacabra {*Slow rC+ Will+}
   (You bought it in a shop on level 13 of the Dungeon)

   rC:        It protects you from cold.
   *Slow:     It may slow you when you take damage.
   Will:      It increases your willpower.
 y - a +3 crystal plate armour (worn)
 A - a +1 pair of gloves of stealth (worn)
 J - a +0 pair of boots of stealth (worn)
 T - +0 fire dragon scales
Jewellery
 e - a ring of see invisible
 g - the ring "Aplogi" (left hand) {rC+ Int+4}
   (You acquired it on level 1 of the Shoals)

   [ring of protection from cold]

   Int:       It affects your intelligence (+4).
   rC:        It protects you from cold.
 k - a +6 ring of strength
 K - an amulet of the acrobat (around neck)
 O - a ring of flight
 U - the ring "Dole" (right hand) {*Corrode rPois rF+ Will+}
   (You bought it in a shop on level 2 of the Dungeon)

   [ring of willpower]

   rF:        It protects you from fire.
   rPois:     It protects you from poison.
   *Corrode:  It may corrode you when you take damage.
   Will:      It increases your willpower.
Wands
 M - a wand of paralysis (17)
 Z - a wand of polymorph (20)
Scrolls
 a - 2 scrolls of fear
 b - a scroll of immolation
 i - 2 scrolls of silence
 m - 4 scrolls of magic mapping
 r - 2 scrolls of noise
 x - 3 scrolls of holy word
 H - 5 scrolls of identify
Potions
 c - a potion of flight
 d - 4 potions of might
 f - a potion of haste
 n - a potion of curing
 v - 2 potions of magic
 w - 6 potions of mutation
 E - 5 potions of berserk rage
 G - 2 potions of brilliance
 V - 3 potions of ambrosia
Miscellaneous
 h - a condenser vane (inert)
 B - a tin of tremorstones (1/2)
 C - a lightning rod (3/4)
 F - a piece from Xom's chessboard (15/15)


   Skills:
 * Level 20.0 Fighting
 * Level 20.2(21.1) Axes
 - Level 3.5(14.1) Maces & Flails
 - Level 11.5(17.1) Polearms
 - Level 0.6 Throwing
 * Level 17.3 Armour
 - Level 9.0 Dodging
 - Level 1.3 Stealth
 - Level 7.2 Shields
 * Level 5.7 Evocations


You had 17 spell levels left.
You didn't know any spells.
Your spell library was empty.

Dungeon Overview and Level Annotations

Branches:
Dungeon (15/15)            Temple (0/1) D:5            Lair (6/6) D:10
 Shoals (4/4) Lair:3        Snake (4/4) Lair:4        Slime (0/5) Lair:6
    Orc (2/2) D:12            Elf (1/3) Orc:2        Vaults (0/5) D:14
 Depths (0/5) D:15

Altars:
Cheibriados
Elyvilon
Fedhas
Gozag
Hepliaklqana
Kikubaaqudgha
Makhleb
Qazlal
Ru
Uskayaw
Xom
Zin
The Shining One
Beogh
Jiyva
Lugonu

Shops:
D:2 =   D:5 (   D:10 !   D:12 ?   D:13 [[*((   D:15 (   Orc:2 ?[
Snake:1 :[(:(   Snake:2 ![!?

Portals:
Abyss: Lair:6
Trove: D:12 (give horn of Geryon)

Annotations:
Elf:1 4 runed translucent doors


Innate Abilities, Weirdness & Mutations

You have a pair of horns on your head.
You reflexively headbutt those who attack you in melee.
You have large cloven feet.
Your flesh is heat resistant. (rF+)
You are robust. (+10% HP)
You sometimes lose the ability to read scrolls when taking damage.


Message History

The orange demon closely misses you.
The angel is engulfed in freezing vapours.
Okay, then.
You feel better.
The thrashing horror is engulfed in freezing vapours. x2
The thrashing horror tramples you.
* * * LOW HITPOINT WARNING * * *
You hold your ground!
The thrashing horror tramples you.
* * * LOW HITPOINT WARNING * * *
You hold your ground!
The thrashing horror is engulfed in freezing vapours.
The small abomination is engulfed in freezing vapours.
You destroy the small abomination!
Trog accepts your kill. The starcursed mass touches you.
* * * LOW HITPOINT WARNING * * *
The raiju is engulfed in freezing vapours.
You kill the raiju!
Trog accepts your kill.
The raiju is engulfed in freezing vapours.
You kill the raiju!
Trog accepts your kill.
The thrashing horror is engulfed in freezing vapours.
The angel is engulfed in freezing vapours.
The angel hits you but does no damage. x2
The vampire is engulfed in freezing vapours.
The raiju is engulfed in freezing vapours.
You kill the raiju!
Trog accepts your kill.
The thrashing horror is engulfed in freezing vapours.
The raiju is engulfed in freezing vapours.
You kill the raiju!
Trog accepts your kill.
The raiju is engulfed in freezing vapours.
The raiju bites you but does no damage.
The smoke demon is engulfed in freezing vapours.
The smoke demon gestures at you. Something smites you!
You feel threatened and lose the ability to read scrolls!
You die...

# . . ##... # . # .h
... ...#. .#.
####....# #. # .#..#
# #..#..# #..v
..§#§#..##...## ..
#. .§§§§§###..#..#
.#..
#§§§§4§....#3#.# [ v
#§§X## # 3# #.#.#
##XA@X#.#.3###..#...
##h§#V§# .#..### ..
#§XX#§§##4... 3#v.
#..#§#§§##..v#v##
...##.#§# .##.##
#.... ###§##†§..#
...#. #.3#x.#.# ..#.
# # .#.V#.#
#...###.#####


You could see 2 starcursed masses, an angel, an orange demon, 3 thrashing
horrors, a smoke demon, a raiju and a vampire.

Vanquished Creatures
  Asterion (Snake:2)
  4 nagarajas
  An orc warlord (Orc:2)
  2 frost giants (Shoals:1)
  A deep elf demonologist (Elf:1)
  Nessos (Lair:5)
  2 merfolk impalers
  A blizzard demon (Abyss:2)
  An ettin (Orc:2)
  10 naga warriors
  2 vault guards (D:14)
  A rakshasa (Abyss:2)
  6 hydras
  2 ogre magi (D:15)
  Harold (D:8)
  A boulder beetle (D:14)
  3 anacondas
  2 centaur warriors
  A catoblepas (Lair:2)
  A merfolk avatar (Shoals:1)
  A dancing weapon (Elf:1)
  A merfolk aquamancer (Shoals:1)
  2 alligator snapping turtles
  3 death yaks (D:10)
  A satyr (Shoals:2)
  11 two-headed ogres
  2 tengu warriors
  5 thrashing horrors
  An orc high priest (Orc:2)
  14 naga sharpshooters
  9 shock serpents
  2 deep elf knights
  2 wretched stars (Abyss:2)
  2 salamander mystics
  A skeletal warrior (D:15)
  A sixfirhy (Abyss:4)
  12 sea snakes
  A fire crab (shapeshifter) (Lair:6)
  A glowing orange brain (Abyss:3)
  4 naga ritualists
  A flayed ghost (Abyss:3)
  A phantasmal warrior (D:15)
  4 orc knights
  A kraken simulacrum (Shoals:1)
  2 deep elf zephyrmancers (Elf:1)
  2 deep elf archers
  A necromancer (D:15)
  10 deep elf pyromancers
  6 fauns
  A stone giant zombie (D:15)
  8 orc sorcerers
  5 harpies (Shoals:1)
  4 mana vipers
  5 ugly things
  A shining eye (Abyss:4)
  9 manticores
  A worldbinder (Abyss:2)
  6 cyclopes
  Maurice (D:7)
  17 salamanders
  Joseph (D:7)
  4 water nymphs
  23 black mambas
  7 merfolk sirens
  5 guardian serpents
  19 naga magi
  A torpor snail (Lair:2)
  Psyche (D:8)
  4 smoke demons
  6 cane toads
  3 gargoyles
  An unseen horror (D:13)
  5 rime drakes
  2 kobold demonologists (D:9)
  A guardian mummy (D:15)
  4 komodo dragons
  An efreet (D:15)
  An elf zombie (D:15)
  A freezing wraith (D:13)
  A hellwing (Abyss:3)
  A spriggan skeleton (D:15)
  A wind drake (shapeshifter) (Lair:6)
  3 tengu conjurers
  2 polar bears
  10 trolls
  15 merfolk
  A meliai (Lair:4)
  5 ancient zymes
  4 wind drakes
  12 raiju
  A hornet (Lair:4)
  4 slime creatures (D:14)
  Prince Ribbit (D:5)
  31 blink frogs
  7 dream sheep (Lair:6)
  2 snapping turtles
  A meliai zombie (D:11)
  2 flying skulls (Abyss:4)
  A centaur simulacrum (D:15)
  2 shadows
  7 water elementals
  6 wraiths
  2 wyverns (Lair:6)
  2 vampires
  3 ynoxinuls
  A fire dragon skeleton (D:15)
  An alligator snapping turtle simulacrum (Shoals:1)
  53 yaks
  A large abomination (Abyss:2)
  7 basilisks
  3 sea snake simulacra (Shoals:1)
  A basilisk (shapeshifter) (Lair:6)
  4 steam dragons
  4 chaos spawn
  2 death yak simulacra (Shoals:1)
  A neqoxec (Abyss:2)
  4 vampire mosquitoes (D:9)
  3 wargs (Orc:1)
  Edmund (D:6)
  45 nagas
  18 water moccasins
  26 orc warriors
  2 sky beasts
  3 necrophages
  A black bear (D:3)
  17 ogres
  6 satyr simulacra (Shoals:1)
  2 starcursed masses
  24 wolves
  7 centaurs
  3 kobold brigands
  13 bullfrogs
  A gnoll sergeant (D:9)
  An earth elemental (Abyss:4)
  3 faun simulacra (Shoals:1)
  12 killer bees
  4 snapping turtle simulacra
  10 wights
  2 howler monkeys
  4 electric eels
  A lava snake (Snake:4)
  A centaur zombie (D:8)
  2 jellies
  A quasit (Abyss:2)
  4 hounds
  22 orc priests
  A bullfrog skeleton (D:4)
  A centaur skeleton (D:7)
  A gnoll shaman (D:8)
  3 cyclops simulacra (Shoals:1)
  3 iguanas
  38 orc wizards
  A hell rat (D:10)
  13 small abominations
  A killer bee zombie (D:8)
  3 howler monkey skeletons
  8 gnolls
  4 adders
  3 river rats
  3 white imps
  2 ufetubi
  3 worms
  3 dart slugs
  58 orcs
  4 endoplasms
  A giant cockroach (D:3)
  4 goblins
  3 hobgoblins
  8 jackals
  7 quokkas
  5 ball pythons
  4 bats
  2 frilled lizards
  12 kobolds
  9 rats
  A spectral kobold (D:2)
  A plant (Shoals:1)
  2 tentacles (Shoals:1)
956 creatures vanquished.

Vanquished Creatures (collateral kills)
  The ghost of Fifowuza the Grappler, a journeyman DrTm of Wu Jian (Lair:4)
  3 merfolk javelineers (Shoals:4)
  An anaconda (Snake:3)
  A merfolk avatar (Shoals:4)
  A merfolk aquamancer (Shoals:4)
  A dancing weapon (Orc:2)
  2 naga sharpshooters (Snake:2)
  2 thrashing horrors (Lair:6)
  A naga ritualist (Snake:2)
  A centaur zombie (D:11)
  A faun (Shoals:2)
  5 black mambas
  A cane toad (Lair:6)
  A polar bear (Lair:4)
  A merfolk (Shoals:2)
  A queen bee (Lair:4)
  3 blink frogs (Lair:4)
  2 spriggans (Lair:6)
  2 nagas
  A small abomination (Lair:6)
  3 killer bees (Lair:4)
35 creatures vanquished.

Vanquished Creatures (others)
  A thrashing horror (Abyss:4)
  A small abomination (Lair:6)
  2 golden eyes (Abyss:4)
  2 orc wizards
  An orc (Orc:1)
  5 fungi
  A lurking horror (Abyss:4)
  103 plants
  13 tentacles (Shoals:1)
  2 withered plants (D:15)
131 creatures vanquished.

Grand Total: 1122 creatures vanquished

Notes
Turn   | Place    | Note
-------+----------+-------------------------------------------
     0 | D:1      | ders the Minotaur Berserker began the quest for the Orb.
     0 | D:1      | Reached XP level 1. HP: 19/19 MP: 0/0
   108 | D:1      | Reached XP level 2. HP: 24/27 MP: 1/1
   372 | D:1      | Reached ** piety under Trog
   727 | D:2      | Reached XP level 3. HP: 34/34 MP: 2/2
   756 | D:2      | Found Gameesm's Jewellery Shoppe.
  1167 | D:2      | Found a faded altar of an unknown god.
  1363 | D:2      | Reached skill level 5 in Polearms
  2187 | D:3      | Noticed a black bear
  2194 | D:3      | Killed a black bear
  2195 | D:3      | Reached skill level 5 in Fighting
  2195 | D:3      | Reached XP level 4. HP: 31/42 MP: 3/3
  2195 | D:3      | Reached XP level 5. HP: 35/48 MP: 4/4
  3192 | D:4      | Noticed an ogre
  3204 | D:4      | Killed an ogre
  3230 | D:4      | Noticed an ogre
  3238 | D:4      | Killed an ogre
  3239 | D:4      | Reached XP level 6. HP: 56/56 MP: 5/5
  3502 | D:4      | Reached skill level 1 in Stealth
  3755 | D:4      | Reached XP level 7. HP: 61/63 MP: 6/6
  4095 | D:5      | Entered Level 5 of the Dungeon
  4214 | D:5      | Reached *** piety under Trog
  4290 | D:5      | Found Argheeri's Antique Weapon Shop.
  4312 | D:5      | Found an opulent altar of Gozag.
  4540 | D:5      | Found a staircase to the Ecumenical Temple.
  4610 | D:5      | Found a glowing silver altar of Zin.
  4741 | D:5      | Reached XP level 8. HP: 71/73 MP: 7/7
  4930 | D:5      | Noticed Prince Ribbit
  4944 | D:5      | Killed Prince Ribbit
  4945 | D:5      | Reached skill level 10 in Polearms
  5568 | D:6      | Identified the +3 hand axe "Worm's Wrath" {drain, rElec
                  | rF+}
  5645 | D:6      | You fall into a shaft and drop 1 floor!
  5653 | D:7      | Noticed Joseph
  5700 | D:7      | Identified the +4 war axe of the Immovable Spines {vorpal,
                  | rElec Int+4}
  5711 | D:6      | Reached skill level 1 in Axes
  5711 | D:6      | Reached skill level 1 in Shields
  6605 | D:6      | Found a hide-covered altar of Uskayaw.
  6608 | D:6      | Found a glowing silver altar of Zin.
  6611 | D:6      | Found an ancient bone altar of Kikubaaqudgha.
  6625 | D:6      | Found a shimmering altar of Xom.
  6840 | D:6      | Found an opulent altar of Gozag.
  6866 | D:6      | Noticed Edmund
  6871 | D:6      | Killed Edmund
  6872 | D:6      | Reached XP level 9. HP: 77/84 MP: 8/8
  6970 | D:6      | Found a burning altar of Makhleb.
  7382 | D:6      | Identified a scroll of acquirement
  7382 | D:6      | Acquired a +2 crystal plate armour
  7917 | D:7      | Reached skill level 10 in Fighting
  8049 | D:7      | Found a stormy altar of Qazlal.
  8062 | D:7      | Found a white marble altar of Elyvilon.
  8093 | D:7      | Reached **** piety under Trog
  8492 | D:7      | Killed Joseph
  8493 | D:7      | Reached skill level 5 in Axes
  8891 | D:8      | Noticed a troll
  8900 | D:8      | Killed a troll
  8901 | D:8      | Reached skill level 5 in Armour
  8989 | D:8      | Noticed Maurice
  9022 | D:7      | Killed Maurice
  9023 | D:7      | Reached XP level 10. HP: 75/94 MP: 9/9
  9239 | D:8      | Noticed Psyche
  9651 | D:8      | Noticed Harold
  9666 | D:8      | Killed Harold
  9734 | D:8      | Killed Psyche
 10175 | D:8      | Found a blossoming altar of Fedhas.
 10264 | D:8      | Found a glowing golden altar of the Shining One.
 10925 | D:9      | Noticed a sun demon
 11257 | D:9      | Gained mutation: You have large cloven feet. [potion of
                  | mutation]
 11257 | D:9      | Gained mutation: Your flesh is heat resistant. (rF+)
                  | [potion of mutation]
 11303 | D:9      | Reached skill level 10 in Axes
 12156 | D:10     | Entered Level 10 of the Dungeon
 12388 | D:10     | Reached XP level 11. HP: 101/104 MP: 10/10
 12529 | D:10     | Noticed a death yak
 12533 | D:10     | Noticed a death yak
 12535 | D:10     | Noticed a death yak
 12540 | D:10     | Found a staircase to the Lair.
 12736 | D:10     | Found a hazy altar of Hepliaklqana.
 13107 | D:10     | Found Bedghapt's Distillery.
 13139 | D:10     | Bought a potion of heal wounds for 80 gold pieces
 13139 | D:10     | Bought a potion of curing for 48 gold pieces
 13195 | D:10     | Killed a death yak
 13230 | D:10     | Killed a death yak
 13239 | D:10     | Killed a death yak
 13813 | D:10     | Noticed a two-headed ogre
 13819 | D:10     | Killed a two-headed ogre
 13884 | D:10     | Found a sacrificial altar of Ru.
 13973 | D:10     | Found a snail-covered altar of Cheibriados.
 14238 | D:11     | Found a frozen archway.
 14415 | D:2      | Bought the ring "Dole" {*Corrode rPois rF+ Will+} for 526
                  | gold pieces
 14415 | D:2      | Acquired 733 gold pieces
 15531 | D:12     | Found a staircase to the Orcish Mines.
 15683 | D:12     | Found a portal to a secret trove of treasure.
 15692 | D:12     | Noticed a six-headed hydra
 15754 | D:12     | Killed a six-headed hydra
 16051 | D:12     | Noticed a green ugly thing
 16058 | D:12     | Reached XP level 12. HP: 113/113 MP: 11/11
 16064 | D:12     | Found Coddul's Magic Scroll Shoppe.
 16261 | D:12     | Bought a scroll of enchant weapon for 135 gold pieces
 16261 | D:12     | Bought a scroll of teleportation for 54 gold pieces
 16261 | D:12     | Bought a scroll of identify for 36 gold pieces
 16261 | D:12     | Bought a scroll of enchant weapon for 135 gold pieces
 16455 | D:12     | Reached ***** piety under Trog
 16636 | D:13     | Reached skill level 10 in Armour
 16807 | D:13     | Found Zoydeewk's Assorted Antiques.
 16809 | D:13     | Found Yjautet's Antique Weapon Boutique.
 16815 | D:13     | Bought a scroll of identify for 44 gold pieces
 16867 | D:13     | Found Cuseenia's Antique Weapon Boutique.
 16938 | D:13     | Found Xezucut's Armour Shoppe.
 16993 | D:13     | Noticed a two-headed ogre
 17002 | D:13     | Killed a two-headed ogre
 17228 | D:13     | Noticed a tengu warrior
 17236 | D:13     | Killed a tengu warrior
 17480 | D:13     | Found Sidd's Antique Armour Emporium.
 17963 | D:14     | Noticed a seven-headed hydra
 17972 | D:13     | Killed a seven-headed hydra
 18718 | D:14     | Noticed a centaur warrior
 18727 | D:14     | Killed a centaur warrior
 18825 | D:14     | Noticed a tengu warrior
 18835 | D:14     | Killed a tengu warrior
 19106 | D:14     | Noticed a boulder beetle
 19116 | D:14     | Killed a boulder beetle
 19117 | D:14     | Reached XP level 13. HP: 100/124 MP: 12/12
 19280 | D:14     | You fall into a shaft and drop 1 floor!
 19280 | D:15     | Entered Level 15 of the Dungeon
 19620 | D:15     | Found a staircase to the Depths.
 19680 | D:15     | Reached skill level 15 in Fighting
 20429 | D:15     | Found Liyriak's Antique Weapon Shoppe.
 20437 | D:15     | Bought a faintly glowing broad axe for 216 gold pieces
 20437 | D:15     | Identified the +1 broad axe of Accord {vorpal, rElec Will+}
                  | (You bought it in a shop on level 15 of the Dungeon)
 21271 | D:14     | Upgraded the game from 0.27.1-3-gb3d3a73c9e to
                  | 0.27.1-4-g1640c2035a
 21628 | D:14     | Reached skill level 5 in Dodging
 22060 | Lair:1   | Entered Level 1 of the Lair of Beasts
 23182 | Lair:2   | Identified the +5 giant spiked club "Gycwiwne" {protect,
                  | Fragile rElec Int+2 Dex+9}
 23441 | Lair:2   | Reached XP level 14. HP: 137/137 MP: 13/13
 24627 | Lair:3   | Found a staircase to the Shoals.
 24975 | Lair:3   | Received a gift from Trog
 25112 | Lair:3   | Reached skill level 1 in Evocations
 25769 | Lair:4   | Found a staircase to the Snake Pit.
 26696 | Lair:4   | Found a transporter.
 26701 | Lair:4   | Found a transporter.
 26735 | Lair:4   | Noticed Fifowuza's ghost (journeyman DrTm)
 26801 | Lair:4   | Killed Fifowuza's ghost
 27579 | Lair:5   | Reached skill level 1 in Maces & Flails
 27650 | Lair:5   | Noticed Nessos
 27674 | Lair:5   | Killed Nessos
 28583 | Lair:6   | Entered Level 6 of the Lair of Beasts
 28882 | Lair:6   | Reached skill level 15 in Armour
 28972 | Lair:6   | Received a gift from Trog
 29072 | Lair:6   | Reached skill level 15 in Axes
 29213 | Lair:6   | Reached skill level 5 in Shields
 29549 | Lair:6   | Found a corrupted altar of Lugonu.
 29549 | Lair:6   | Found a one-way gate to the infinite horrors of the Abyss.
 29908 | Lair:6   | Reached XP level 15. HP: 118/146 MP: 14/14
 30095 | Lair:6   | Found a viscous altar of Jiyva.
 30096 | Lair:6   | Found a staircase to the Slime Pits.
 31053 | D:14     | Found a gate to the Vaults.
 31370 | Orc:1    | Entered Level 1 of the Orcish Mines
 31615 | Orc:1    | Received a gift from Trog
 31931 | Orc:2    | Entered Level 2 of the Orcish Mines
 31941 | Orc:2    | Noticed an orc warlord
 32403 | Orc:2    | Killed an orc warlord
 32717 | Orc:2    | Reached ****** piety under Trog
 32862 | Orc:2    | Received a gift from Trog
 32927 | Orc:2    | Found a staircase to the Elven Halls.
 33416 | Orc:2    | Found Gerph's Antique Armour Shop.
 33416 | Orc:2    | Found Lezxemah's Book Boutique.
 33417 | Orc:2    | Found Myde Lidgh's Magic Scroll Boutique.
 33421 | Orc:2    | Found Xumubrop's Assorted Antiques.
 33424 | Orc:2    | Bought a pair of embroidered gloves for 277 gold pieces
 33426 | Orc:2    | Bought a scroll of acquirement for 624 gold pieces
 33426 | Orc:2    | Bought a scroll of blinking for 90 gold pieces
 33441 | Orc:2    | Acquired a scarf of invisibility
 33535 | Elf:1    | Entered Level 1 of the Elven Halls
 34304 | Snake:1  | Entered Level 1 of the Snake Pit
 34856 | D:2      | Bought a ring of poison resistance for 280 gold pieces
 35633 | Snake:1  | Identified the +11 quarterstaff of the Hummingbird {vorpal,
                  | Dex+2}
 35635 | Snake:1  | Found Cuxi Pybrihi's Book Shop.
 35748 | Snake:1  | Found Ezet's Weapon Shop.
 35770 | Snake:1  | Found Alah's Antique Weapon Shoppe.
 36136 | Snake:1  | Found Demyu's Antique Armour Emporium.
 36186 | Snake:1  | Found Tithuse's Book Shop.
 38412 | Snake:2  | Noticed Asterion
 38416 | Snake:2  | Noticed an Executioner
 38424 | Snake:2  | Killed Asterion
 38547 | Snake:2  | Found Wapneiqu's Armour Shop.
 38550 | Snake:2  | Found Avemy's Magic Scroll Boutique.
 38550 | Snake:2  | Found Fyecyxt's Distillery.
 38644 | Snake:2  | Bought a +0 pair of boots of stealth for 138 gold pieces
 38644 | Snake:2  | Found Wytiv's Distillery.
 38650 | Snake:2  | Bought a potion of heal wounds for 75 gold pieces
 38982 | Snake:2  | Identified the +5 long sword of the Fox {flame, rElec rF+
                  | Will- rCorr} (Trog gifted it to you on level 2 of the Snake
                  | Pit)
 38982 | Snake:2  | Received a gift from Trog
 38983 | Snake:2  | Reached XP level 16. HP: 140/157 MP: 15/15
 42860 | Snake:4  | Entered Level 4 of the Snake Pit
 45617 | Snake:4  | Received a gift from Trog
 48148 | Snake:4  | Got a serpentine rune of Zot
 48292 | Shoals:1 | Entered Level 1 of the Shoals
 48304 | Shoals:1 | Reached XP level 17. HP: 163/168 MP: 16/16
 48699 | D:13     | Bought the +0 chain mail of the Chupacabra {*Slow rC+
                  | Will+} for 240 gold pieces
 49280 | Shoals:1 | Found a runed translucent gate.
 49280 | Shoals:1 | Found a runed translucent gate.
 49280 | Shoals:1 | Found a runed translucent gate.
 49366 | Shoals:1 | You are sucked into a shaft and drop 1 floor!
 50133 | Shoals:1 | Acquired the ring "Aplogi" {rC+ Int+4}
 50347 | Shoals:1 | Noticed a kraken
 52686 | Shoals:3 | Identified the -1 buckler of Pride {rF+ Dex+4 Stlth+}
 53113 | Shoals:3 | Reached skill level 5 in Evocations
 53521 | Shoals:4 | Entered Level 4 of the Shoals
 55369 | Shoals:4 | Got a barnacled rune of Zot
 55875 | Elf:1    | Noticed a Tzitzimitl
 55908 | Elf:1    | Cast into level 2 of the Abyss (a deep elf demonologist)
 56044 | Abyss:2  | Gained mutation: You are robust. (+10% HP) [a neqoxec]
 56203 | Abyss:2  | Gained mutation: You sometimes lose the ability to read
                  | scrolls when taking damage. [a neqoxec]
 56607 | Abyss:3  | Found a corrupted altar of Lugonu.
 56789 | Elf:1    | Escaped the Abyss
 56820 | Elf:1    | Noticed an Ice Fiend
 57725 | Elf:1    | Found a runed translucent door.
 57806 | Elf:1    | Found a runed translucent door.
 57820 | Elf:1    | Found a runed translucent gate.
 57820 | Elf:1    | Found a runed translucent gate.
 57820 | Elf:1    | Found a runed translucent gate.
 57827 | Elf:1    | Cast into level 3 of the Abyss (a deep elf sorcerer)
 58033 | Abyss:3  | Found a corrupted altar of Lugonu.
 58050 | Abyss:3  | Received a gift from Trog
 58122 | Abyss:3  | Noticed a lich
 58169 | Abyss:4  | Acquired a +1 pair of boots of rampaging
 58191 | Abyss:4  | Paralysed by accursed screaming for 1 turns
 58214 | Abyss:4  | Paralysed by accursed screaming for 1 turns
 58663 | Abyss:4  | Reached XP level 18. HP: 120/190 MP: 17/17
 58676 | Abyss:4  | HP: 7/180 [raiju/living lightning (9)]
 58677 | Abyss:4  | Killed from afar by a smoke demon

Illustrated notes

Levels and vault maps discovered:
D:1:      co_arrival_random_square_maze, layout_basic, minmay_misc_feat_columns
D:2:      layout_loops_cross, dreamdust_ecumenical_altar_drowned_temple,
          serial_shops, nicolae_square_shop
D:3:      layout_basic, serial_co_window_serial, co_window_of_opportunity_a,
          co_window_of_opportunity_a, co_window_corner_a, co_window_paths_b,
          co_window_paths_b, co_window_corner_b, co_window_corner_b,
          co_window_broadway_c, co_window_of_opportunity_c, co_window_paths_c,
          co_window_sun, glass_columns_c, glass_columns_b, hex_medium,
          hangedman_decor_peaks_small
D:4:      layout_basic
D:5:      layout_gridville, minmay_temple_entry_ruins, nicolae_take_the_stairs,
          hangedman_feature_mirror, uniq_prince_ribbit1
D:6:      layout_layer_cave, nicolae_overflow_crystal_walls,
          lightli_temple_of_fire, grunt_temple_overflow_cloverleaf,
          serial_rivers, chequers_serial_rivers_small_3,
          chequers_serial_rivers_small_b, chequers_serial_rivers_micro_a,
          chequers_serial_rivers_micro_d, chequers_serial_rivers_room_a,
          uniq_edmund
D:7:      layout_basic, jmf_multi_god_temple, uniq_joseph
D:8:      layout_layer_cave, overflow_temple_1_default, tso_metal_star,
          enter_ossuary_5, uniq_maurice, uniq_psyche, uniq_harold
D:9:      layout_stronghold, kennysheep_generic_room_8
D:10:     minmay_flawed_box, layout_basic, marbit_many_paths,
          amcnicky_altar_gilded, nicolae_ru_sacrificial_ziggurat,
          dpeg_lair_monsters, serial_shops, shop_coins, corexii_checkpoint_a
D:11:     layout_roguey, portal_ice_cave_entry_pillars_1, lemuel_flamethrower_1
D:12:     layout_basic, orc_0_dummy, serial_shops, shop_scrolls,
          nicolae_trove_entry_isolated, solitary_fountain
D:13:     layout_basic, serial_shops, shop, nicolae_lakefront_shop, shop,
          shop_fountains, shop
D:14:     layout_irregular_city, grunt_vaults_entry_fortified, serial_glass,
          glass_columns_a, glass_columns_a
D:15:     gammafunk_depths_entry_grave, layout_irregular_city,
          serial_park_fountain, serial_shops, nicolae_square_shop
Lair:1:   layout_layer_cave, lemuel_fruit_fields, infiniplex_staircase_pool,
          grunt_megastairs_1
Lair:2:   layout_cave_pods
Lair:3:   layout_regular_city, minmay_shoals_entry_centaurs,
          chequers_serial_rivers_micro_e
Lair:4:   layout_small_grid, guppyfry_snake_entry_island, gammafunk_ghost_hive,
          chequers_serial_rivers_micro_b, grunt_megastairs_2, lemuel_fruit_tree
Lair:5:   layout_cave_pods, uniq_nessos
Lair:6:   hellmonk_lair_end_abyssal_woods, layout_regular_city, slime_altar_1,
          serial_bayou_shore_a
Shoals:1: layout_shoals, nicolae_shoals_beach_cooler
Shoals:2: layout_shoals, lemuel_altar_in_water, uniq_ilsuiw
Shoals:3: layout_shoals, nicolae_shoals_drake_roost
Shoals:4: shoals_end_simple, layout_shoals
Snake:1:  layout_misc_corridors, serial_shops, nicolae_shop_statue_plus,
          nicolae_shop_statue_plus, shop, shop, shop
Snake:2:  layout_gridlike, grunt_megastairs_4, minmay_shoptagon, uniq_asterion
Snake:3:  layout_concentric_octagons, special_room, grunt_ministairs_9
Snake:4:  grunt_snake_rune_pools, layout_basic, nicolae_snake_slithery_hallway
Orc:1:    layout_caves, basic_altar
Orc:2:    st_orc_mages, layout_caves, mines2_lemuel
Elf:1:    nicolae_elf_arrival_dilemma, layout_gridlike, minmay_elf_demonology,
          grunt_ministairs_3, nicolae_specific_store
Abyss:4:  base: Depths:1, doesnt_abyss_rune_brain_food, base: D:10,
          evilmike_abyss_exit_chaos, evilmike_abyss_exit_glass,
          evilmike_abyss_rune_tso_outpost, evilmike_abyss_exit_mutagenic,
          minivault_25_ag, hangedman_abyss_or_decor_slice,
          hangedman_shadowy_showcase, evilmike_abyss_rune_siren_acolytes,
          nicolae_abyss_rune_left_handed, bh_silent_lugonu_exit

Skill      XL: |  1  2  3  4  5  6  7  8  9 10 11 12 13 14 15 16 17 |
---------------+----------------------------------------------------+-----
Fighting       | 4 5 6 7 9 10 11 12 14 16 18 19 20 | 20.0
Polearms       | 4 6 7 8 9 10 11 | 11.5
Stealth        | 1 |  1.3
Axes           | 2 7 11 13 14 15 17 19 20 | 20.2
Shields        | 1 2 5 7 |  7.2
Armour         | 5 7 9 12 13 15 16 17 | 17.3
Dodging        | 3 5 6 7 8 9 |  9.0
Evocations     | 2 4 5 |  5.7
Maces & Flails | 3 |  3.5
Throwing       | |  0.6

Action                   |  1- 3 |  4- 6 |  7- 9 | 10-12 | 13-15 | 16-18 || total
-------------------------+-------+-------+-------+-------+-------+-------++-------
Melee: Spear             |   127 |    70 |   125 |    52 |    47 |       ||   421
       Headbutt          |    18 |    16 |    50 |   133 |   262 |   300 ||   779
       Hand axe          |       |       |    89 |       |     4 |    62 ||   155
       War axe           |       |       |    21 |   371 |   782 |   279 ||  1453
       Demon whip        |       |       |       |       |    77 |       ||    77
       Executioner's axe |       |       |       |       |   170 |   351 ||   521
       Broad axe         |       |       |       |       |       |   418 ||   418
Throw: Throwing net      |       |       |       |     3 |     2 |     1 ||     6
Invok: Berserk           |       |       |     6 |     9 |    15 |     8 ||    38
       Trog's Hand       |       |       |     2 |     4 |     5 |    15 ||    26
       Brothers in Arms  |       |       |       |     1 |     7 |    10 ||    18
 Abil: Evoke Invisibilit |       |       |       |       |       |     2 ||     2
Evoke: Tin of tremorston |       |       |       |       |     2 |     3 ||     5
       Condenser vane    |       |       |       |       |     1 |     1 ||     2
       Piece from Xom's  |       |       |       |       |       |     2 ||     2
       Wand              |       |       |       |       |       |     1 ||     1
       Lightning rod     |       |       |       |       |       |     1 ||     1
  Use: Scroll            |       |       |     5 |    12 |    19 |    33 ||    69
       Potion            |       |       |     2 |     6 |     7 |    30 ||    45
 Stab: Sleeping          |     1 |       |       |       |       |       ||     1
       Held in net/web   |       |       |       |     2 |       |       ||     2
       Distracted        |       |       |       |     1 |     3 |     1 ||     5
       Confused          |       |       |       |       |       |     1 ||     1
Armor: Animal skin       |    15 |       |       |       |       |       ||    15
       Scale mail        |     5 |     1 |       |       |       |       ||     6
       Chain mail        |       |    11 |    38 |       |       |       ||    49
       Crystal plate arm |       |       |    55 |   344 |   674 |   779 ||  1852
Dodge: Dodged            |    59 |    13 |    63 |   151 |   526 |   856 ||  1668
Block: Buckler           |     2 |     4 |    10 |       |   137 |       ||   153
